SLUG FEST

Match 40428233
End
Kradschützen Motorcycle Team
Panzergrenadier Squad
Selects Battlefield Espionage Battlegroup
Panzergrenadier Squad
Panzergrenadier Squad
Construct Light Support Kompanie
Selects Intel Disruption Beacon
Fire Support Elements
Flakvierling Half-track
Vehicle Survival Package
Pak 38 Mechanized Group
Veteran Squad Leaders
2.5-tonne Medical Truck
Construct Panzerarmee Kommand
Selects Plunder
Selects 250/3 Funkpanzerwagen
Panzer III L Medium Tank
Selects Anti-Tank Incendiary Munitions
Panzer III L Medium Tank
Panzer III L Medium Tank
Armored Reserves
Selects Operation Skorpion
Selects Disruption Operation
Panzer IV Assault Group
Emergency Repair Kits
Walking Stuka Rocket Launcher
Disruption Operation
Tiger Heavy Tank
Flak 36 Anti-tank Gun Team
Disruption Operation
Operation Skorpion
Tiger Heavy Tank
ohmygod321
ninjayas
sierrakiloechonovembergolf
Ares
0
0

Comments sign in to comment!

No comments posted yet!